 Dungeon Crawl Stone Soup version 0.30-a0-422-g946f4849ff (webtiles) character file.

Game seed: 17515845893830588672

7 Pooter the Chopper (level 1, 0/20 HPs)
             Began as a Minotaur Monk on Dec 8, 2022.
             Slain by a worm (5 damage)
             ... on level 1 of the Dungeon.
             The game lasted 00:02:18 (287 turns).

Pooter the Chopper (Minotaur Monk)                   Turns: 287, Time: 00:02:18

Health: 0/20       AC: 12    Str: 15    XL:     1   Next: 91%
Magic:  0/0        EV:  4    Int:  7    God:
Gold:   46         SH:  0    Dex: 12    Spells: 0/0 levels left

rFire   . . .      SeeInvis .    a - +0 hand axe
rCold   . . .      Faith    .    (no shield)
rNeg    + . .      Spirit   .    d - +2 plate armour {rN+}
rPois   .          Reflect  .    (helmet restricted)
rElec   .          Harm     .    (no cloak)
rCorr   .          Rampage  .    (no gloves)
Will    .....                    (no boots)
Stlth   ..........               (no amulet)
HPRegen 0.23/turn                (no ring)
MPRegen 0.07/turn                (no ring)

@: no status effects
A: horns 2, retaliatory headbutt
a: no special abilities


You were on level 1 of the Dungeon.
You visited 1 branch of the dungeon, and saw 1 of its levels.

You collected 46 gold pieces.

Inventory:

Hand Weapons
 a - a +0 hand axe (weapon)
Armour
 d - a +2 plate armour of positive energy (worn)
   (You found it on level 1 of the Dungeon)
Scrolls
 b - a scroll of identify {unknown}
Potions
 c - a potion of ambrosia


   Skills:
 + Level 3.8 Fighting
 * Level 4.1 Axes
 - Level 3.2 Dodging
 - Level 1.5 Stealth


You couldn't memorise any spells.
You didn't know any spells.
Your spell library was empty.

Dungeon Overview and Level Annotations

Branches:
Dungeon (1/15)

Altars:


Innate Abilities, Weirdness & Mutations

You have a pair of horns on your head.
You reflexively headbutt those who attack you in melee.


Message History

A bat comes into view.
The bat barely misses you.
You closely miss the bat. The bat hits you but does no damage.
You completely miss the bat. The bat hits you but does no damage.
You hit the bat. You headbutt the bat.
You kill the bat!
Your Axes skill increases to level 4!
Found a scroll labelled MAPPAVAEJU.
b - a scroll labelled MAPPAVAEJU
Found 2 purple potions.
A goblin comes into view. It is wielding a +0 club.
The goblin shouts!
You hit the goblin. The goblin hits you but does no damage.
You closely miss the goblin. The goblin hits you but does no damage.
You miss the goblin. Your headbutt misses the goblin.
The goblin hits you but does no damage.
You closely miss the goblin. The goblin hits you with a +0 club.
You hit the goblin.
You kill the goblin!
A quokka comes into view.
Found a stone staircase leading down.
A worm comes into view.
The quokka falls through a shaft!
The shaft crumbles and collapses.
A worm is nearby!
An endoplasm comes into view.
The endoplasm quivers.
The endoplasm moves out of view.
A frilled lizard comes into view.
The frilled lizard hisses angrily.
The frilled lizard falls through a shaft!
The shaft crumbles and collapses.
You hit the worm. You barely miss the worm. You headbutt the worm.
The worm bites you but does no damage.
You hit the worm but do no damage. You barely miss the endoplasm.
The endoplasm freezes you.
You are frozen.
The worm bites you.
You completely miss the worm. You hit the endoplasm but do no damage.
The endoplasm freezes you.
You are frozen.
* * * LOW HITPOINT WARNING * * *
The worm bites you but does no damage.
You hit the worm but do no damage. You hit the endoplasm.
The endoplasm hits you.
* * * LOW HITPOINT WARNING * * *
The endoplasm freezes you.
You are frozen.
* * * LOW HITPOINT WARNING * * *
You barely miss the endoplasm. You hit the worm. The worm bites you.
You die...

# ##. .# ###### #.#
#.# .....# #.. #..##
####.# #.# #..... #.#
#.# #....^. #.# ##)##
......^ #.#
##...##.......
#.######.....@w....^.
#............#J......
########.....#...>...
##..!###......
......# #..... ##
######## #...# .# ###
...# .######.## ###
.........#


You could see a worm and an endoplasm.

Vanquished Creatures
  A goblin (D:1)
  A hobgoblin (D:1)
  A quokka (D:1)
  3 bats (D:1)
  A frilled lizard (D:1)
7 creatures vanquished.

Notes
Turn   | Place    | Note
-------+----------+-------------------------------------------
     0 | D:1      | Pooter the Minotaur Monk began the quest for the Orb.
     0 | D:1      | Reached XP level 1. HP: 19/19 MP: 0/0
   223 | D:1      | Reached skill level 4 in Axes
   287 | D:1      | Slain by a worm

Illustrated notes

Levels and vault maps discovered:
D:1:      dpeg_arrival_tiny_b, layout_loops_ring, nicolae_wormholes

Skill      XL: |  1 |
---------------+----+-----
Axes           | 4 |  4.1
Fighting       | |  3.8
Dodging        | |  3.2
Stealth        | |  1.5

Action                   || total
-------------------------++-------
Melee: Hand axe          ||    26
       Headbutt          ||     2
 Stab: Sleeping          ||     1
Armor: Plate armour      ||     7
       Robe              ||     5
Dodge: Dodged            ||    11

Table legend: (Time is in decaauts)
 A = Elapsed time spent in this place.
 B = Non-inter-level travel time spent in this place.
 C = Inter-level travel time spent in this place.
 D = Time resting spent in this place.
 E = Time spent auto-exploring this place.
 F = Levels seen in this place.
 G = Mean time per level.
                   A        B        C        D        E       F      G
               +--------+--------+--------+--------+--------+-----+--------+
         Total |    290 |    290 |      0 |      0 |    196 |   1 |  290.0 |
       Dungeon |    290 |    290 |      0 |      0 |    196 |   1 |  290.0 |
               +--------+--------+--------+--------+--------+-----+--------+

Top non-repeatable levels by time:
     D:1: 290 daAuts
